ITL
BLUEVILLE 83'S @ LOUISVILLE BATS
09/07/2030
 
TOP OF THE 1ST
Blueville 83's batting - Pitching for Louisville Bats : RHP Bennie Jones
Pitching: RHP Bennie Jones
Batting: SHB Joe Emery 0-0: Ball
1-0: Ground out 5-3 (Groundball, 56)
Batting: RHB Jonathan MacVey 0-0: Ball
1-0: Ball
2-0: Foul Ball, location: 2F
2-1: Called Strike
2-2: Ball
3-2: Strikes out swinging
Batting: RHB Jorge Márquez 0-0: Ground out U3 (Groundball, 34S)
Top of the 1st over - 0 runs, 0 hits, 0 errors, 0 left on base; Blueville 0 - Louisville 0
BOTTOM OF THE 1ST
Louisville Bats batting - Pitching for Blueville 83's : LHP José Zamora
Pitching: LHP José Zamora
Batting: RHB Danny Campbell 0-0: Ball
1-0: Called Strike
1-1: Ground out 5-3 (Groundball, 56S)
Batting: SHB Dave Henley 0-0: Ball
1-0: SINGLE (Line Drive, 89S)
Batting: SHB Martín Medina 0-0: Ball
1-0: Foul Ball, location: 2F
1-1: Swinging Strike
1-2: Strikes out swinging
Batting: RHB Zhong Shui 0-0: Called Strike
0-1: Ball
1-1: Called Strike
1-2: Ball
2-2: Fly out, F9 (Flyball, 9S)
Bottom of the 1st over - 0 runs, 1 hit, 0 errors, 1 left on base; Blueville 0 - Louisville 0
TOP OF THE 2ND
Blueville 83's batting - Pitching for Louisville Bats : RHP Bennie Jones
Batting: RHB Vicente Valentín 0-0: Called Strike
0-1: Called Strike
0-2: Ball
1-2: SOLO HOME RUN (Flyball, 7LD), Distance : 425 ft
Batting: LHB Lorenzo Villa 0-0: Ball
1-0: Called Strike
1-1: Ball
2-1: Ball
3-1: Base on Balls
Batting: LHB Bob Martin 0-0: Called Strike
0-1: Ball
1-1: Called Strike
1-2: Ball
2-2: Foul Ball, location: 2F
2-2: Ball
3-2: Foul Ball, location: 2F
3-2: Base on Balls
Lorenzo Villa to second
Batting: RHB Lorenzo Guzmán 0-0: Foul Ball, location: 2F
0-1: SINGLE (Groundball, 4MD)
Lorenzo Villa to third
Bob Martin to second
Runner from 3rd tries for Home, SAFE, no throw
Batting: LHB Pepe González Balk!
Bob Martin to third
Lorenzo Guzmán to second
0-0: Called Strike
0-1: Ball
1-1: Foul Ball, location: 2F
1-2: Ground out U3 (Groundball, 3)
Batting: SHB Bob Noble 0-0: Foul Ball, location: 2F
0-1: SINGLE (Line Drive, 5S)
Bob Martin scores
Lorenzo Guzmán to third
Batting: SHB Joe Emery 0-0: Foul Ball, location: 2F
0-1: 3-RUN HOME RUN (Flyball, 7LD), Distance : 368 ft
Batting: RHB Jonathan MacVey 0-0: Called Strike
0-1: Fly out, F7 (Flyball, 7LSF)
Batting: RHB Jorge Márquez 0-0: Foul Ball, location: 2F
0-1: Foul Ball, location: 2F
0-2: Foul Ball, location: 2F
0-2: Ball
1-2: Fly out, F6 (Popup, 6MS)
Top of the 2nd over - 6 runs, 4 hits, 0 errors, 0 left on base; Blueville 6 - Louisville 0
BOTTOM OF THE 2ND
Louisville Bats batting - Pitching for Blueville 83's : LHP José Zamora
Batting: RHB Billy Mullins 0-0: Ball
1-0: Called Strike
1-1: Ball
2-1: Ball
3-1: Swinging Strike
3-2: Base on Balls
Batting: RHB Roberto Zamora 0-0: Swinging Strike
0-1: SINGLE (Line Drive, 7S)
Billy Mullins to second
Batting: SHB Ryan Roberts 0-0: Ball
1-0: Ball
2-0: Fly out, F3 (Popup, 3F)
Batting: LHB George Smith 0-0: DOUBLE (Flyball, 89XD)
Billy Mullins scores
Roberto Zamora to third
Batting: LHB John Horton 0-0: Ball
1-0: Foul Ball, location: 2F
1-1: Foul Ball, location: 2F
1-2: DOUBLE (Line Drive, 9LM)
Roberto Zamora scores
George Smith scores
Batting: RHB Danny Campbell 0-0: Ball
1-0: Fly out, F8 (Flyball, 8RM)
Batting: SHB Dave Henley 0-0: Called Strike
0-1: Ground out 6-3 (Groundball, 6)
Bottom of the 2nd over - 3 runs, 3 hits, 0 errors, 1 left on base; Blueville 6 - Louisville 3
TOP OF THE 3RD
Blueville 83's batting - Pitching for Louisville Bats : RHP Bennie Jones
Batting: RHB Vicente Valentín 0-0: Ball
1-0: Foul Ball, location: 2F
1-1: Foul Ball, location: 2F
1-2: Ball
2-2: Ball
3-2: Base on Balls
Batting: LHB Lorenzo Villa 0-0: Ball
1-0: Ball
2-0: Ball
3-0: Base on Balls
Vicente Valentín to second
Batting: LHB Bob Martin 0-0: Ball
1-0: Called Strike
1-1: Foul Ball, location: 2F
1-2: Strikes out looking
Batting: RHB Lorenzo Guzmán 0-0: Ball
1-0: Ball
2-0: SINGLE (Groundball, 4MD)
Vicente Valentín to third
Lorenzo Villa to second
Batting: LHB Pepe González 0-0: Called Strike
0-1: Hit by Pitch
Vicente Valentín scores
Lorenzo Villa to third
Lorenzo Guzmán to second
Pitching: RHP Valentín Mejía
Batting: SHB Bob Noble 0-0: SINGLE (Groundball, 4D)
Lorenzo Villa scores
Lorenzo Guzmán to third
Pepe González to second
Batting: SHB Joe Emery 0-0: Called Strike
0-1: Ball
1-1: Swinging Strike
1-2: Foul Ball, location: 2F
1-2: DOUBLE (Flyball, 8LXD)
Lorenzo Guzmán scores
Pepe González scores
Bob Noble to third
Batting: RHB Jonathan MacVey 0-0: Foul Ball, location: 2F
0-1: Ball
1-1: Foul Ball, location: 2F
1-2: Foul Ball, location: 2F
1-2: Ball
2-2: Strikes out swinging
Batting: RHB Jorge Márquez 0-0: SINGLE (Groundball, 56D)
Bob Noble scores
Joe Emery to third
Runner from 3rd tries for Home, SAFE, no throw
Batting: RHB Vicente Valentín 0-0: Fly out, F9 (Line Drive, 9)
Top of the 3rd over - 6 runs, 4 hits, 0 errors, 1 left on base; Blueville 12 - Louisville 3
BOTTOM OF THE 3RD
Louisville Bats batting - Pitching for Blueville 83's : LHP José Zamora
Batting: SHB Martín Medina 0-0: Ball
1-0: Called Strike
1-1: Foul Ball, location: 2F
1-2: Strikes out swinging
Batting: RHB Zhong Shui 0-0: Fly out, F4 (Popup, 4)
Batting: RHB Billy Mullins 0-0: Ball
1-0: Swinging Strike
1-1: Fly out, F5 (Line Drive, 5L)
Bottom of the 3rd over - 0 runs, 0 hits, 0 errors, 0 left on base; Blueville 12 - Louisville 3
TOP OF THE 4TH
Blueville 83's batting - Pitching for Louisville Bats : RHP Valentín Mejía
Batting: LHB Lorenzo Villa 0-0: Ball
1-0: Foul Ball, location: 2F
1-1: Ball
2-1: SINGLE (Line Drive, 9S)
Batting: LHB Bob Martin 0-0: Ball
1-0: Ball
2-0: Foul Ball, location: 2F
2-1: Ball
3-1: Base on Balls
Lorenzo Villa to second
Batting: RHB Lorenzo Guzmán 0-0: Ball
1-0: Called Strike
1-1: Foul Ball, location: 2F
1-2: Foul Ball, location: 2F
1-2: Strikes out swinging
Batting: LHB Pepe González 0-0: Swinging Strike
0-1: Called Strike
0-2: SINGLE (Groundball, 34D)
Lorenzo Villa to third
Bob Martin to second
Runner from 3rd tries for Home, SAFE, no throw
Batting: SHB Bob Noble 0-0: SINGLE (Line Drive, 8RS)
Bob Martin to third
Pepe González to second
Batting: SHB Joe Emery 0-0: SINGLE (Groundball, 4MD)
Bob Martin scores
Pepe González to third
Bob Noble to second
Runner from 3rd tries for Home, SAFE, throw made home
Batting: RHB Jonathan MacVey 0-0: Ball
1-0: Ball
2-0: Ball
3-0: Base on Balls
Bob Noble to third
Joe Emery to second
Batting: RHB Jorge Márquez 0-0: Called Strike
0-1: Ball
1-1: Foul Ball, location: 2F
1-2: Fielders Choice at 2nd, 6-4 (Groundball, 6)
Bob Noble scores
Joe Emery to third
Batting: RHB Vicente Valentín 0-0: Called Strike
0-1: Swinging Strike
0-2: Ball
1-2: Ball
Passed Ball!
Joe Emery scores
Jorge Márquez to second
2-2: Ball
3-2: Base on Balls
Batting: LHB Lorenzo Villa 0-0: Called Strike
0-1: Ball
1-1: Called Strike
1-2: Ball
2-2: Ball
3-2: Base on Balls
Jorge Márquez to third
Vicente Valentín to second
Batting: LHB Bob Martin 0-0: Called Strike
0-1: Ball
1-1: Swinging Strike
1-2: Foul Ball, location: 2F
1-2: Ball
2-2: Foul Ball, location: 2F
2-2: Foul Ball, location: 2F
2-2: Strikes out swinging
Top of the 4th over - 5 runs, 4 hits, 0 errors, 3 left on base; Blueville 17 - Louisville 3
BOTTOM OF THE 4TH
Louisville Bats batting - Pitching for Blueville 83's : LHP José Zamora
Batting: RHB Roberto Zamora 0-0: Fly out, F5 (Popup, 5F)
Batting: SHB Ryan Roberts 0-0: Swinging Strike
0-1: Ball
1-1: DOUBLE (Line Drive, 78XD)
Batting: LHB George Smith 0-0: Called Strike
0-1: Fly out, F9 (Flyball, 9LS)
Batting: LHB John Horton 0-0: Called Strike
0-1: Foul Ball, location: 2F
0-2: Ball
1-2: Strikes out swinging
Bottom of the 4th over - 0 runs, 1 hit, 0 errors, 1 left on base; Blueville 17 - Louisville 3
TOP OF THE 5TH
Blueville 83's batting - Pitching for Louisville Bats : RHP Valentín Mejía
Batting: RHB Lorenzo Guzmán 0-0: Ball
1-0: Ball
2-0: Ball
3-0: Called Strike
3-1: Base on Balls
Pitching: LHP Dave Carbone
Batting: LHB Pepe González 0-0: Grounds into double play, 4-6-3 (Groundball, 4)
Batting: SHB Bob Noble 0-0: Called Strike
0-1: Ball
1-1: SINGLE (Flyball, 6D)
Batting: SHB Joe Emery 0-0: Called Strike
0-1: Ball
1-1: Ball
2-1: Ball
3-1: Swinging Strike
3-2: Foul Ball, location: 2F
3-2: Strikes out swinging
Top of the 5th over - 0 runs, 1 hit, 0 errors, 1 left on base; Blueville 17 - Louisville 3
BOTTOM OF THE 5TH
Louisville Bats batting - Pitching for Blueville 83's : LHP José Zamora
Batting: RHB Danny Campbell 0-0: Swinging Strike
0-1: Ball
1-1: Ground out 4-3 (Groundball, 4)
Batting: SHB Dave Henley 0-0: Called Strike
0-1: Foul Ball, location: 2F
0-2: Ball
1-2: SINGLE (Line Drive, 9)
Batting: SHB Martín Medina 0-0: Ball
1-0: Ball
2-0: Called Strike
2-1: Foul Ball, location: 2F
2-2: Fly out, F9 (Flyball, 9S)
Batting: RHB Zhong Shui 0-0: Ball
1-0: Ball
2-0: Ball
3-0: Called Strike
3-1: Fly out, F9 (Flyball, 9LS)
Bottom of the 5th over - 0 runs, 1 hit, 0 errors, 1 left on base; Blueville 17 - Louisville 3
TOP OF THE 6TH
Blueville 83's batting - Pitching for Louisville Bats : LHP Dave Carbone
Batting: RHB Jonathan MacVey 0-0: Ball
1-0: Ball
2-0: SINGLE (Line Drive, 78S)
Batting: RHB Jorge Márquez 0-0: Ball
1-0: Swinging Strike
1-1: Ball
2-1: Ball
3-1: Fly out, F9 (Flyball, 9D)
Batting: RHB Vicente Valentín 0-0: Ball
1-0: Ball
2-0: Called Strike
2-1: Foul Ball, location: 2F
2-2: Ball
3-2: Foul Ball, location: 2F
3-2: Foul Ball, location: 2F
3-2: Base on Balls
Jonathan MacVey to second
Batting: LHB Lorenzo Villa 0-0: Ball
1-0: Swinging Strike
1-1: Foul Ball, location: 2F
1-2: Ball
2-2: Ball
3-2: Base on Balls
Jonathan MacVey to third
Vicente Valentín to second
Batting: LHB Bob Martin 0-0: Ball
1-0: Fielders Choice at 2nd, 3-6 (Groundball, 34)
Jonathan MacVey scores
Vicente Valentín to third
Batting: RHB Lorenzo Guzmán 0-0: Ball
1-0: Swinging Strike
1-1: Foul Ball, location: 2F
1-2: Ball
2-2: Ground out 3-1 (Groundball, 34)
Top of the 6th over - 1 run, 1 hit, 0 errors, 2 left on base; Blueville 18 - Louisville 3
BOTTOM OF THE 6TH
Louisville Bats batting - Pitching for Blueville 83's : LHP José Zamora
Batting: RHB Billy Mullins 0-0: Called Strike
0-1: Swinging Strike
0-2: Fly out, F8 (Flyball, 8RD)
Batting: RHB Roberto Zamora 0-0: Called Strike
0-1: Ball
1-1: Ball
2-1: Foul Ball, location: 2F
2-2: Ball
3-2: Fly out, F8 (Flyball, 8LXD)
Batting: SHB Ryan Roberts 0-0: Called Strike
0-1: Called Strike
0-2: Foul Ball, location: 2F
0-2: Strikes out swinging
Bottom of the 6th over - 0 runs, 0 hits, 0 errors, 0 left on base; Blueville 18 - Louisville 3
TOP OF THE 7TH
Blueville 83's batting - Pitching for Louisville Bats : LHP Dave Carbone
Batting: LHB Pepe González 0-0: Ball
1-0: Ball
2-0: Ball
3-0: Base on Balls
Batting: SHB Bob Noble 0-0: Ball
1-0: Ball
2-0: Grounds into double play, 6-4-3 (Groundball, 6)
Batting: SHB Joe Emery 0-0: Ball
1-0: Ball
2-0: Foul Ball, location: 2F
2-1: SINGLE (Line Drive, 34D)
Batting: RHB Jonathan MacVey 0-0: Ball
1-0: Called Strike
1-1: SINGLE (Line Drive, 4MD)
Joe Emery to second
Batting: RHB Jorge Márquez 0-0: Ball
1-0: Called Strike
1-1: Ball
2-1: Ball
3-1: Foul Ball, location: 2F
3-2: Foul Ball, location: 2F
3-2: Ground out 5-3 (Groundball, 56)
Top of the 7th over - 0 runs, 2 hits, 0 errors, 2 left on base; Blueville 18 - Louisville 3
BOTTOM OF THE 7TH
Louisville Bats batting - Pitching for Blueville 83's : LHP José Zamora
Batting: LHB George Smith 0-0: Ball
1-0: Ball
2-0: Ground out 6-3 (Groundball, 6MD)
Batting: LHB John Horton 0-0: Swinging Strike
0-1: SINGLE (Line Drive, 78S)
Pitching: LHP Martin Lowry
Batting: RHB Danny Campbell 0-0: Foul Ball, location: 2F
0-1: Swinging Strike
0-2: Ball
1-2: Strikes out swinging
Batting: SHB Dave Henley 0-0: Fly out, F9 (Flyball, 9S)
Bottom of the 7th over - 0 runs, 1 hit, 0 errors, 1 left on base; Blueville 18 - Louisville 3
TOP OF THE 8TH
Blueville 83's batting - Pitching for Louisville Bats : LHP Dave Carbone
Batting: RHB Vicente Valentín 0-0: Called Strike
0-1: Ball
1-1: Ball
2-1: Called Strike
2-2: Ball
3-2: DOUBLE (Line Drive, 7LM)
Pitching: RHP Derrick Hall
Batting: LHB Lorenzo Villa 0-0: Ball
1-0: Ball
2-0: Ball
3-0: Called Strike
3-1: Called Strike
3-2: Foul Ball, location: 2F
3-2: Base on Balls
Batting: LHB Bob Martin 0-0: Called Strike
0-1: Ball
1-1: Foul Ball, location: 2F
1-2: Fielders Choice at 2nd, 3-6 (Groundball, 34)
Vicente Valentín to third
Batting: RHB Lorenzo Guzmán 0-0: Grounds into double play, 4-6-3 (Groundball, 4M)
Top of the 8th over - 0 runs, 1 hit, 0 errors, 1 left on base; Blueville 18 - Louisville 3
BOTTOM OF THE 8TH
Louisville Bats batting - Pitching for Blueville 83's : LHP Martin Lowry
Batting: SHB Martín Medina 0-0: Ball
1-0: Foul Ball, location: 2F
1-1: Ball
2-1: Ball
3-1: Fly out, F5 (Popup, 56S)
Batting: RHB Zhong Shui 0-0: Ground out 5-3 (Groundball, 5)
Batting: RHB Billy Mullins 0-0: Foul Ball, location: 2F
0-1: Called Strike
0-2: Ball
1-2: Ball
2-2: Ground out 5-3 (Groundball, 5)
Bottom of the 8th over - 0 runs, 0 hits, 0 errors, 0 left on base; Blueville 18 - Louisville 3
TOP OF THE 9TH
Blueville 83's batting - Pitching for Louisville Bats : RHP Derrick Hall
Batting: LHB Pepe González 0-0: Fly out, F8 (Flyball, 8RD)
Batting: SHB Bob Noble 0-0: Ground out 4-3 (Groundball, 4)
Batting: SHB Joe Emery 0-0: SINGLE (Line Drive, 6MD)
Batting: RHB Jonathan MacVey 0-0: Ball
1-0: Foul Ball, location: 2F
1-1: Called Strike
1-2: Ball
2-2: Ground out 3-1 (Groundball, 34)
Top of the 9th over - 0 runs, 1 hit, 0 errors, 1 left on base; Blueville 18 - Louisville 3
BOTTOM OF THE 9TH
Louisville Bats batting - Pitching for Blueville 83's : LHP Martin Lowry
Batting: RHB Roberto Zamora 0-0: Ball
1-0: Swinging Strike
1-1: Called Strike
1-2: Ball
2-2: Strikes out swinging
Batting: SHB Ryan Roberts 0-0: Ball
1-0: Called Strike
1-1: Called Strike
1-2: Ball
2-2: Foul Ball, location: 2F
2-2: SOLO HOME RUN (Flyball, 7LD), Distance : 380 ft
Batting: LHB George Smith 0-0: Called Strike
0-1: Ball
1-1: Ball
2-1: DOUBLE (Flyball, 89D)
Batting: LHB John Horton 0-0: Called Strike
0-1: Ball
1-1: DOUBLE (Line Drive, 89XD)
George Smith scores
Batting: RHB Danny Campbell 0-0: Ball
1-0: Called Strike
1-1: Called Strike
1-2: Foul Ball, location: 2F
1-2: Strikes out swinging
Batting: SHB Dave Henley 0-0: Ball
1-0: Fly out, F8 (Flyball, 8RD)
Bottom of the 9th over - 2 runs, 3 hits, 0 errors, 1 left on base; Blueville 18 - Louisville 5
Saturday, April 7th, 2018 - OOTP Baseball 18.8 Build 76